 Dungeon Crawl Stone Soup version 0.28-a0-948-gee6e0bcda6 (webtiles) character file.

Game seed: 441050595398923792

39874 Htamos the Grappler (level 13, 0/129 (130) HPs)
             Began as a Troll Earth Elementalist on Nov 30, 2021.
             Was the Champion of Zin.
             Slain by an orc knight (23 damage)
             ... on level 1 of the Orcish Mines.
             The game lasted 00:42:07 (13680 turns).

Htamos the Grappler (Troll Earth Elementalist)     Turns: 13680, Time: 00:42:08

HP:   0/129 (130)   AC:  8    Str: 20    XL:     13   Next: 71%
MP:   15/17         EV: 13    Int: 22    God:    Zin [******]
Gold: 1377          SH:  0    Dex: 19    Spells: 8/19 levels left

rFire   . . .      SeeInvis .     - Unarmed
rCold   . . .      Faith    .   (no shield)
rNeg    + . .      Spirit   .   L - +1 troll leather armour
rPois   ∞          Reflect  .   A - +0 hat {Int+3}
rElec   +          Harm     .   D - +0 cloak
rCorr   .          Rampage  .   (gloves unavailable)
Will    .....      Rage     1%  (boots unavailable)
Stlth   ++........              e - amulet of regeneration
HPRegen 2.71/turn               K - ring of positive energy
MPRegen 0.15/turn               f - ring of Gerum {rElec rPois Will- Int+3 Dex+6}

@: vitalised, on berserk cooldown, lightly drained, unable to read
A: large, unfitting armour, claws 3, regeneration 1, shaggy fur 1, tough skin 1,
agile 1, berserk 1, inability to read while threatened, MP-powered wands
a: Renounce Religion, Recite, Vitalisation, Imprison, Sanctuary, Donate Gold


You were on level 1 of the Orcish Mines.
You worshipped Zin.
Zin was exalted by your worship.
You visited 3 branches of the dungeon, and saw 16 of its levels.
You also visited: Sewer and Ice Cave.

You collected 1860 gold pieces.
You spent 330 gold pieces at shops.
You donated 153 gold pieces to Zin.

Inventory:

Hand Weapons
 h - the +2 falchion of Xachoc {vorpal, Will+ Str-3 Dex+10}
   (You found it in an ice cave)

   It inflicts extra damage upon your enemies.
   Str:       It affects your strength (-3).
   Dex:       It affects your dexterity (+10).
   Will:      It increases your willpower.
Missiles
 c - 391 stones
 q - 4 curare-tipped darts
 H - 40 poisoned darts
Armour
 b - a +0 robe
 k - +1 steam dragon scales
 A - a +0 hat of intelligence (worn)
 C - a scarf of repulsion
 D - a +0 cloak (worn)
 L - a +1 troll leather armour (worn)
 N - the +1 robe "Vuajasch" {-Tele rElec Int+3}
   (You found it on level 12 of the Dungeon)

   Int:       It affects your intelligence (+3).
   rElec:     It insulates you from electricity.
   -Tele:     It prevents most forms of teleportation.
Magical Staves
 m - a staff of cold
Jewellery
 a - an amulet of guardian spirit
 e - an amulet of regeneration (around neck)
 f - the ring of Gerum (right claw) {rElec rPois Will- Int+3 Dex+6}
   (You found it on level 10 of the Dungeon)

   [ring of dexterity]

   Int:       It affects your intelligence (+3).
   Dex:       It affects your dexterity (+6).
   rElec:     It insulates you from electricity.
   rPois:     It protects you from poison.
   Will:      It decreases your willpower.
 l - an amulet of reflection
 w - an amulet of the acrobat
 x - the amulet "Jajun" {Acrobat Dex+7}
   (You acquired it on level 7 of the Dungeon)

   [amulet of the acrobat]

   It increases your evasion while moving and waiting.
   Dex:       It affects your dexterity (+7).
 E - a ring of poison resistance
 G - a +6 ring of strength
 K - a ring of positive energy (left claw)
Wands
 o - a wand of acid (8)
 u - a wand of iceblast (9)
 y - a wand of mindburst (1)
 z - a wand of flame (38)
 M - a wand of paralysis (4)
Scrolls
 d - 3 scrolls of amnesia
 g - a scroll of silence
 i - a scroll of brand weapon
 j - 3 scrolls of teleportation
 n - 7 scrolls of fog
 p - a scroll of magic mapping
 r - a scroll of holy word
 s - 2 scrolls of identify {@rr}
 F - 4 scrolls of blinking
 P - a scroll of summoning
Potions
 v - 2 potions of magic
 B - 2 potions of brilliance
 J - a potion of cancellation
 O - a potion of flight
Miscellaneous
 t - a box of beasts
 I - a tin of tremorstones (2/2)


   Skills:
 * Level 8.9 Fighting
 + Level 6.5 Throwing
 + Level 6.5 Dodging
 - Level 1.0 Stealth
 * Level 13.8 Unarmed Combat
 + Level 3.6 Spellcasting
 + Level 4.7 Conjurations
 - Level 2.7 Transmutations
 + Level 7.5 Earth Magic
 * Level 4.9 Invocations


You had 8 spell levels left.
You knew the following spells:

 Your Spells              Type           Power      Damage    Failure   Level
a - Sandblast             Erth           74%        2d16      1%          1
b - Passwall              Tmut/Erth      21%        N/A       2%          2
c - Stone Arrow           Conj/Erth      60%        3d10      3%          3
d - Sting                 Tmut/Pois      36%        1d4       8%          1
e - Petrify               Tmut/Erth      26%        N/A       17%         4

Your spell library contained the following spells:

 Spells                   Type           Power      Damage    Failure   Level
 Beastly Appendage        Tmut           30%        N/A       4%          1
 Wereblood                Tmut           15%        N/A       7%          2
 Apportation              Tloc           6%         N/A       14%         1
 Poisonous Vapours        Pois/Air       6%         N/A       22%         2
 Spider Form              Tmut/Pois      9%         N/A       24%         3
 Gell's Gravitas          Tloc           3%         N/A       38%         3
 Lesser Beckoning         Tloc           3%         N/A       38%         3
 Summon Guardian Golem    Hex/Summ       3%         N/A       38%         3
 Teleport Other           Tloc           3%         N/A       38%         3
 Olgreb's Toxic Radiance  Pois           3%         N/A       80%         4
 Alistair's Intoxication  Tmut/Pois      6%         N/A       91%         5
 Dragon Form              Tmut           7%         N/A       100%        7
 Orb of Destruction       Conj           12%        9d6       100%        7
 Spellforged Servitor     Conj/Summ      7%         N/A       100%        7
 Polar Vortex             Ice            1%         N/A       100%        9


Dungeon Overview and Level Annotations

Branches:
Dungeon (13/15)            Temple (1/1) D:7            Lair (0/6) D:11
    Orc (2/2) D:11         Vaults (0/5) D:13          Sewer (visited)
  IceCv (visited)
    Elf: Orc:2

Altars:
Ashenzari
Cheibriados
Dithmenos
Elyvilon
Gozag
Kikubaaqudgha
Makhleb
Nemelex Xobeh
Okawaru
Qazlal
Ru
Sif Muna
Uskayaw
Wu Jian
Xom
Yredelemnul
Zin
The Shining One

Shops:
D:4 (*   D:6 *   D:11 (

Portals:
Trove: D:12 (give morningstar "Eos")

Annotations:
D:7 2 transporters, bgiannan's ghost, novice HOFi
D:9 exclusion: two-headed ogre
D:10 4 runed translucent doors, exclusion: obsidian statue
D:11 2 transporters, ndbw's ghost, journeyman SpEn
Orc:1 2 transporters, bgiannan's ghost, journeyman MiFi


Innate Abilities, Weirdness & Mutations

You are too large for most types of armour.
You have claws for hands.
Your natural rate of healing is unusually fast.
You are covered in fur. (AC +1)
You have tough skin. (AC +1)
You are agile. (Dex +2)
You tend to lose your temper in combat.
You sometimes lose the ability to read scrolls when taking damage.
You expend magic power (3 MP) to strengthen your wands.


Message History

The orc shouts!
You hear a shout!
The orc knight closely misses you.
You climb upwards.
Level annotation: 2 transporters, bgiannan's ghost, journeyman MiFi
There is a stone staircase leading down, spattered with blood here.
Items here: ))) [[ ÷÷.
You claw the orc knight!
The orc knight is moderately wounded.
The orc knight hits you with a +0 great sword!!
You closely miss the orc knight.
The orc knight is moderately wounded.
You claw the orc knight! Your claw misses the orc knight.
The orc knight is heavily wounded.
The orc knight hits you with a +0 great sword.
You closely miss the orc knight.
The orc knight is heavily wounded.
The orc knight hits you with a +0 great sword!!
You feel threatened and lose the ability to read scrolls!
You mangle the orc knight!!
The orc knight is severely wounded.
The orc knight closely misses you.
You scratch the orc knight but do no damage.
The orc knight is severely wounded.
The orc knight hits you with a +0 great sword!!
* * * LOW HITPOINT WARNING * * *
You closely miss the orc knight. You claw the orc knight.
The orc knight is severely wounded.
Unknown command.
You completely miss the orc knight.
The orc knight is severely wounded.
The orc knight hits you with a +0 great sword!!
* * * LOW HITPOINT WARNING * * *
You scratch the orc knight.
The orc knight is severely wounded.
The orc knight hits you with a +0 great sword!!
* * * LOW HITPOINT WARNING * * *
Unknown command.
Zin grants you divine stamina.
The orc knight hits you with a +0 great sword!!
You die...

.#.##.# ##......#.....#.##
...#..# ###......#....#...#
...#.## ##.##......#.##...##
...#.####...#.....#..#...##
.###.#.#..................#
##........................#
...###.#....#............## ###
#### ###.#.)...o[$.......## ##.#
#........[@[....#...####...
##..#....)÷[.......##..##..
##................##.......
####................####......
##.##...#..[.....#....####.....
#......................##.#....
##..##.........#....#...........
#...####........#)......#.......
##.## #....#..[)#..............


You could see an orc knight.

Vanquished Creatures
  Gastronok (D:11)
  A frost giant (IceCv)
  An ettin (Orc:1)
  Josephine (Orc:1)
  A boulder beetle (D:10)
  7 two-headed ogres
  A phantasmal warrior (D:13)
  2 ugly things
  2 oklob plants (D:11)
  A manticore (D:13)
  2 cyclopes
  3 orc sorcerers
  3 unseen horrors
  A kobold demonologist (D:5)
  2 rime drakes (IceCv)
  3 komodo dragons
  2 ice devils (D:12)
  9 trolls
  A meliai (D:13)
  11 polar bears (IceCv)
  Grinder (D:3)
  A hornet (D:7)
  2 shadows
  5 wraiths (Orc:1)
  26 yaks
  A vampire (D:11)
  A wyvern (D:10)
  2 basilisks (D:12)
  3 steam dragons
  3 vampire mosquitoes (D:12)
  A golden eye (shapeshifter) (D:13)
  2 wargs (Orc:1)
  4 water moccasins
  A floating eye (shapeshifter) (D:13)
  14 orc warriors
  16 wolves (IceCv)
  A necrophage (D:6)
  4 ogres
  4 centaurs
  3 phantoms
  5 kobold brigands
  A wyvern zombie (D:6)
  4 bullfrogs
  2 scorpions
  A water moccasin skeleton (D:5)
  5 wights (D:8)
  A killer bee (D:10)
  An electric eel (D:7)
  5 centaur zombies
  18 orc priests
  A jelly (D:7)
  2 bullfrog skeletons
  2 centaur skeletons
  3 hounds
  Natasha (thrice) (D:3)
  3 iguanas
  20 orc wizards
  3 hound skeletons
  A howler monkey zombie (D:6)
  8 gnolls
  11 adders
  9 river rats
  A white imp (D:6)
  An ufetubus (D:6)
  4 worms
  3 dart slugs
  58 orcs
  19 ball pythons
  3 bats (D:1)
  7 endoplasms
  2 giant cockroaches
  3 goblins
  4 hobgoblins
  15 jackals
  7 quokkas
  4 frilled lizards
  14 kobolds
  27 rats
431 creatures vanquished.

Vanquished Creatures (collateral kills)
  Urug (D:12)
1 creature vanquished.

Vanquished Creatures (others)
  An orc (Orc:2)
  5 fungi (D:6)
  11 plants
17 creatures vanquished.

Grand Total: 449 creatures vanquished

Notes
Turn   | Place    | Note
-------+----------+-------------------------------------------
     0 | D:1      | Htamos the Troll Earth Elementalist began the quest for the
                  | Orb.
     0 | D:1      | Reached XP level 1. HP: 16/16 MP: 1/1
    53 | D:1      | Reached XP level 2. HP: 24/26 MP: 2/2
    75 | D:1      | HP: 1/26 [rat (1)]
    92 | D:1      | Reached skill level 1 in Unarmed Combat
   250 | D:1      | Reached XP level 3. HP: 32/32 MP: 1/4
   258 | D:1      | Reached skill level 1 in Transmutations
   659 | D:2      | Reached skill level 1 in Fighting
   967 | D:2      | Reached XP level 4. HP: 41/41 MP: 2/5
  1141 | D:3      | Noticed Natasha
  1228 | D:3      | Killed Natasha
  1229 | D:3      | Reached skill level 2 in Unarmed Combat
  1243 | D:3      | Found a glowing golden altar of the Shining One.
  1249 | D:3      | Noticed Grinder
  1274 | D:3      | Killed Grinder
  1275 | D:3      | Reached skill level 1 in Throwing
  1275 | D:3      | Reached XP level 5. HP: 27/49 MP: 6/6
  1275 | D:3      | Reached XP level 6. HP: 32/57 MP: 7/7
  1424 | D:3      | Noticed Natasha
  1432 | D:3      | Killed Natasha
  1452 | D:3      | Noticed Natasha
  1461 | D:3      | Killed Natasha
  1462 | D:3      | Reached skill level 3 in Unarmed Combat
  1582 | D:3      | Found an opulent altar of Gozag.
  2234 | D:4      | Found Anounn's Neck Hole.
  2323 | D:4      | Reached XP level 7. HP: 38/66 MP: 7/9
  2494 | D:4      | Found a glowing drain.
  2498 | Sewer    | Entered a sewer
  2950 | Sewer    | Gained mutation: Potions are less effective at restoring
                  | your health. [potion of mutation]
  2950 | Sewer    | Gained mutation: You expend magic power (3 MP) to
                  | strengthen your wands. [potion of mutation]
  3288 | Sewer    | Lost mutation: Potions are less effective at restoring your
                  | health. [potion of mutation]
  3288 | Sewer    | Gained mutation: You sometimes lose the ability to read
                  | scrolls when taking damage. [potion of mutation]
  3288 | Sewer    | Gained mutation: You tend to lose your temper in combat.
                  | [potion of mutation]
  3288 | Sewer    | Gained mutation: You are agile. (Dex +2) [potion of
                  | mutation]
  3360 | D:4      | Found Yrphyick's Antique Weapon Shoppe.
  3605 | D:4      | Found a stormy altar of Qazlal.
  3670 | D:4      | Found an ancient bone altar of Kikubaaqudgha.
  3707 | D:5      | Entered Level 5 of the Dungeon
  3728 | D:4      | Reached skill level 4 in Unarmed Combat
  3769 | D:5      | Reached XP level 8. HP: 75/75 MP: 10/10
  3945 | D:5      | Noticed a kobold demonologist
  3947 | D:5      | Noticed a soul eater
  3952 | D:5      | Noticed a hellwing
  3956 | D:5      | Killed a kobold demonologist
  4247 | D:5      | Reached skill level 5 in Unarmed Combat
  4286 | D:5      | Learned a level 2 spell: Passwall
  4290 | D:5      | Learned a level 3 spell: Stone Arrow
  4292 | D:5      | Learned a level 1 spell: Sting
  4297 | D:5      | Learned a level 4 spell: Petrify
  4618 | D:6      | Found Bayxyuv's General Store.
  4623 | D:6      | Noticed a two-headed ogre
  4722 | D:5      | Killed a two-headed ogre
  4723 | D:5      | Reached skill level 1 in Conjurations
  4723 | D:5      | Reached XP level 9. HP: 82/85 MP: 2/11
  4922 | D:6      | Reached skill level 5 in Fighting
  4922 | D:6      | Reached skill level 6 in Unarmed Combat
  4987 | D:6      | Identified a scroll of acquirement
  4989 | D:6      | Acquired 374 gold pieces
  5099 | D:4      | Bought an amulet of regeneration for 330 gold pieces
  5290 | D:6      | Reached skill level 5 in Earth Magic
  5645 | D:7      | Acquired the amulet "Jajun" {Acrobat Dex+7}
  5977 | D:7      | Found a transporter.
  5977 | D:7      | Noticed bgiannan's ghost (novice HOFi)
  6047 | D:7      | Found a glowing silver altar of Zin.
  6048 | D:7      | Found an iron altar of Okawaru.
  6050 | D:7      | Became a worshipper of Zin the Law-Giver
  6050 | D:7      | Reached * piety under Zin
  6050 | D:7      | Reached ** piety under Zin
  6090 | D:7      | Reached XP level 10. HP: 96/98 MP: 12/12
  6183 | D:7      | Found a staircase to the Ecumenical Temple.
  6199 | Temple   | Entered the Ecumenical Temple
  6598 | D:7      | Found a transporter.
  7113 | D:8      | Reached skill level 7 in Unarmed Combat
  7147 | D:8      | Found a burning altar of Makhleb.
  7153 | D:8      | Identified the +3 chain mail "Qixeti" {rN+ Will+}
  7412 | D:8      | Found a shimmering altar of Xom.
  7416 | D:8      | Found a hide-covered altar of Uskayaw.
  7418 | D:8      | Found an ornate altar of the Wu Jian Council.
  7418 | D:8      | Found a white marble altar of Elyvilon.
  7504 | D:8      | Reached *** piety under Zin
  7512 | D:8      | Got the Volume of Mutagenic Ice
  7812 | D:9      | Found a basalt altar of Yredelemnul.
  7842 | D:9      | Reached skill level 12 in Unarmed Combat
  7842 | D:9      | Reached XP level 11. HP: 106/106 MP: 13/13
  8005 | D:9      | Noticed a two-headed ogre
  8424 | D:10     | Entered Level 10 of the Dungeon
  8597 | D:10     | Noticed an obsidian statue
  8688 | D:10     | Found a large runed translucent door.
  8688 | D:10     | Found a large runed translucent door.
  8693 | D:10     | Found a large runed translucent door.
  8693 | D:10     | Found a large runed translucent door.
  8694 | D:10     | Noticed a death knight
  8828 | D:10     | Noticed a boulder beetle
  8834 | D:10     | Killed a boulder beetle
  8835 | D:10     | Reached skill level 5 in Dodging
  9125 | D:10     | Reached skill level 5 in Throwing
  9272 | D:10     | Noticed a brown ugly thing
  9314 | D:10     | HP: 4/109 [acid (9)]
  9357 | D:10     | Killed a brown ugly thing
  9358 | D:10     | Reached XP level 12. HP: 90/118 MP: 14/14
  9427 | D:10     | Identified the ring of Gerum {rElec rPois Will- Int+3
                  | Dex+6}
  9642 | D:11     | Reached **** piety under Zin
  9656 | D:11     | Found a transporter.
  9656 | D:11     | Noticed ndbw's ghost (journeyman SpEn)
  9657 | D:11     | Found Xuchyqets's Weapon Shoppe.
  9657 | D:11     | Noticed Gastronok
  9701 | D:11     | Killed Gastronok
  9736 | D:11     | Found a transporter.
  9754 | D:11     | Found a staircase to the Orcish Mines.
  9758 | D:11     | Identified the +2 buckler "Uthruatu" {rF+ rC+ Str-4}
  9823 | D:11     | Noticed a two-headed ogre
  9833 | D:11     | Killed a two-headed ogre
  9928 | D:11     | Found a staircase to the Lair.
 10056 | D:11     | Noticed a two-headed ogre
 10065 | D:11     | Killed a two-headed ogre
 10066 | D:11     | Reached skill level 1 in Invocations
 10390 | D:12     | Noticed Urug
 10390 | D:12     | Found a portal to a secret trove of treasure.
 10413 | D:12     | Killed Urug
 10456 | D:12     | Found a frozen archway.
 10507 | D:12     | Reached skill level 13 in Unarmed Combat
 10524 | IceCv    | Entered an ice cave
 11024 | IceCv    | Reached XP level 13. HP: 84/127 MP: 16/16
 11059 | IceCv    | Noticed a frost giant
 11088 | IceCv    | Killed a frost giant
 11145 | IceCv    | Identified the +2 falchion of Xachoc {vorpal, Will+ Str-3
                  | Dex+10}
 11404 | D:12     | Reached ***** piety under Zin
 11854 | D:12     | Identified the +1 robe "Vuajasch" {-Tele rElec Int+3}
 12447 | D:13     | Found a gate to the Vaults.
 12589 | Orc:1    | Entered Level 1 of the Orcish Mines
 12589 | Orc:1    | Noticed an ettin
 12594 | Orc:1    | Killed an ettin
 12707 | Orc:1    | Noticed bgiannan's ghost (journeyman MiFi)
 12718 | Orc:1    | Found a transporter.
 12744 | Orc:1    | Found a transporter.
 12806 | Orc:1    | Noticed Josephine
 12854 | Orc:1    | Killed Josephine
 13089 | Orc:1    | Reached ****** piety under Zin
 13281 | Orc:2    | Entered Level 2 of the Orcish Mines
 13379 | Orc:2    | Paralysed by an orc sorcerer for 5 turns
 13438 | Orc:1    | Paralysed by an orc sorcerer for 4 turns
 13680 | Orc:1    | Slain by an orc knight

Illustrated notes

Levels and vault maps discovered:
D:1:      roderic_dead_forest, layout_rooms, kennysheep_decorative_pillar
D:2:      layout_basic, interstate_on_off, minmay_misc_feat_columns
D:3:      layout_basic, nicolae_gozag_cash_rules_everything_around_me,
          tso_oasis_becter, uniq_natasha, uniq_grinder
D:4:      layout_loops_ring, mainiacjoe_overflow_alcove_4,
          mainiacjoe_overflow_brackets, gup_sewer_entry_spiral, serial_shops,
          shop_fountains, nicolae_shop_sticking_my_neck_out
D:5:      layout_loops_cross
D:6:      kennysheep_steamy, layout_cave_pools, serial_shops, shop, minivault_24
D:7:      layout_layer_cave, nicolae_overflow_squiral,
          minmay_temple_entry_statues_fountains, gammafunk_ghost_arena
D:8:      layout_rooms, grunt_temple_overflow_open,
          nicolae_overflow_crystal_walls
D:9:      layout_roguey, mainiacjoe_overflow_concentric_impassable,
          palyth_stone_intersect
D:10:     layout_roguey, kennysheep_crisscross, minivault_16,
          minmay_hollow_rounded_squares
D:11:     layout_rooms, dpeg_oklobed_lair, orc_0_dummy, serial_shops, shop,
          gammafunk_ghost_arena, uniq_gastronok
D:12:     layout_basic, portal_ice_cave_demonic_guard, enter_trove_1, uniq_urug
D:13:     layout_roguey, david_vaults_4, serial_curves, eino_curves_03,
          eino_curves_02, eino_curves_04, eino_curves_03, corexii_corridor_pit
Temple:   eino_temple_lava
Orc:1:    layout_caves, gammafunk_ghost_stat_death, uniq_josephine
Orc:2:    grunt_orc_cross, layout_diamond_mine, basic_altar, mines2_lemuel

Skill      XL: |  1  2  3  4  5  6  7  8  9 10 11 12 13 |
---------------+----------------------------------------+-----
Unarmed Combat | 1 2 3 4 5 6 12 13 | 13.8
Transmutations | 1 2 |  2.7
Fighting       | 1 2 3 4 5 6 7 8 |  8.9
Earth Magic    | 3 4 5 6 7 |  7.5
Dodging        | 2 3 4 5 6 |  6.5
Throwing       | 1 2 3 4 5 6 |  6.5
Spellcasting   | 2 3 |  3.6
Conjurations   | 1 2 3 4 |  4.7
Invocations    | 3 4 |  4.9
Stealth        | |  1.0

Action                   |  1- 3 |  4- 6 |  7- 9 | 10-12 | 13-15 || total
-------------------------+-------+-------+-------+-------+-------++-------
Melee: Unarmed           |   125 |   172 |   447 |   549 |   347 ||  1640
       Punch             |       |     1 |    17 |    29 |    28 ||    75
 Cast: Sandblast         |     4 |     4 |       |       |       ||     8
Invok: Vitalisation      |       |       |       |     3 |     5 ||     8
       Recite            |       |       |       |     1 |     1 ||     2
Evoke: Wand              |       |       |     8 |     2 |     8 ||    18
  Use: Potion            |     1 |     3 |     8 |    10 |     3 ||    25
       Scroll            |       |     1 |    15 |     6 |     1 ||    23
 Stab: Sleeping          |     2 |       |     1 |     2 |     1 ||     6
       Invisible         |       |       |     1 |     3 |       ||     4
       Distracted        |       |       |       |     1 |       ||     1
Armor: Robe              |    62 |    45 |   123 |       |       ||   230
       Steam dragon scal |       |       |    51 |   102 |       ||   153
       Troll leather arm |       |       |       |    54 |    77 ||   131
Dodge: Dodged            |    85 |    49 |   287 |   257 |   155 ||   833

Table legend: (Time is in decaauts)
 A = Elapsed time spent in this place.
 B = Non-inter-level travel time spent in this place.
 C = Inter-level travel time spent in this place.
 D = Time resting spent in this place.
 E = Time spent auto-exploring this place.
 F = Levels seen in this place.
 G = Mean time per level.
                   A        B        C        D        E       F      G
               +--------+--------+--------+--------+--------+-----+--------+
         Total |  13690 |  13117 |    573 |    725 |   8262 |  18 |  760.6 |
       Dungeon |  11035 |  10475 |    560 |    409 |   7408 |  13 |  848.8 |
        Temple |      1 |      1 |      0 |      0 |      0 |   1 |    1.0 |
  Orcish Mines |   1109 |   1097 |     12 |    120 |    413 |   2 |  554.5 |
         Sewer |    891 |    891 |      0 |    123 |    231 |   1 |  891.0 |
      Ice Cave |    653 |    653 |      0 |     72 |    209 |   1 |  653.0 |
               +--------+--------+--------+--------+--------+-----+--------+

Top non-repeatable levels by time:
     D:7: 1496 daAuts
    D:10: 1159 daAuts
     D:4: 1077 daAuts
    D:12: 1063 daAuts
     D:5: 1023 daAuts
     D:3: 987 daAuts
   Sewer: 891 daAuts
   Orc:1: 866 daAuts
    D:11: 798 daAuts
     D:9: 740 daAuts
     D:6: 718 daAuts
   IceCv: 653 daAuts
     D:8: 644 daAuts
     D:2: 485 daAuts
     D:1: 475 daAuts
